 Dungeon Crawl Stone Soup version 0.30.0-5-g1a98f26d00 (webtiles) character file.

Game seed: 7045460301820361110

120243 Gabide the Brawler (level 16, -4/157 HPs)
             Began as a Pale Draconian Gladiator on May 9, 2023.
             Was an Initiate of Gozag.
             Slain by a merfolk impaler
             ... wielding a +0 trident
             ... led by Ilsuiw
              (13 damage)
             ... on level 2 of the Shoals on May 10, 2023.
             The game lasted 00:54:39 (28618 turns).

Gabide the Brawler (Pale Draconian Gladiator)      Turns: 28618, Time: 00:54:39

Health: -4/157     AC: 19    Str: 28    XL:     16   Next: 29%
Magic:  16/16      EV: 23    Int: 11    God:    Gozag
Gold:   6147       SH:  0    Dex: 21    Spells: 15/15 levels left

rFire   x .          .
                       - Unarmed
rCold   + + .        (no shield)
rNeg    . . .        (body armour unavailable)
rPois   .            a - +2 hat
rElec   .            A - +2 cloak
rCorr   .            I - +2 pair of gloves {Dex+3}
SInv    .            Y - +1 pair of boots of Qozeting {Str+5 Int+3 Dex+3}
Will    +....        b - amulet of regeneration
Stlth   ++           W - ring of protection from cold
HPRegen 1.26/turn    m - ring of ice
MPRegen 0.15/turn

%: no passive effects
@: lethally poisoned (-4 -> -25), studying Fighting
A: breathe steam, AC +9, unfitting armour, cold-blooded, steam resistance
a: Breathe Steam, Renounce Religion, Potion Petition, Call Merchant, Bribe
Branch


You were on level 2 of the Shoals.
You worshipped Gozag.
Gozag was greatly pleased with you.
You visited 4 branches of the dungeon, and saw 24 of its levels.
You also visited: Bailey and Ice Cave.

You collected 9476 gold pieces.
You spent 3273 gold pieces at shops.
You paid 56 gold pieces to Gozag.

Inventory:

Missiles
 g - 2 silver javelins
 h - 3 throwing nets
 u - 6 javelins
Armour
 a - a +2 hat (worn)
 A - a +2 cloak (worn)
 I - a +2 pair of gloves of dexterity (worn)
 Q - a +2 hat
 R - the +0 cloak of Immorality {rF- rN++ Dex+2 SInv}
   (You bought it in a shop on level 11 of the Dungeon)

   Dex:       It affects your dexterity (+2).
   rF:        It makes you vulnerable to fire.
   rN:        It greatly protects you from negative energy.
   SInv:      It lets you see invisible.
 Y - the +1 pair of boots of Qozeting (worn) {Str+5 Int+3 Dex+3}
   (You found it in an ice cave)

   Str:       It affects your strength (+5).
   Int:       It affects your intelligence (+3).
   Dex:       It affects your dexterity (+3).
Jewellery
 b - an amulet of regeneration (around neck)
 c - a ring of positive energy
 m - a ring of ice (right hand)
 s - a ring of resist corrosion
 t - a ring of ice
 y - the ring of the Tortoise {AC+8}
   (You bought it in a shop on level 11 of the Dungeon)

   [ring of protection]

   AC:        It affects your AC (+8).
 F - a +5 ring of evasion
 J - a ring of see invisible
 M - a ring of fire
 T - the ring of Benevolence {rN+ Will+}
   (You found it on level 9 of the Dungeon)

   [ring of willpower]

   rN:        It protects you from negative energy.
   Will:      It increases your willpower.
 U - a ring of protection from fire
 W - a ring of protection from cold (left hand)
 Z - a ring of protection from cold
Wands
 v - a wand of flame (63)
 x - a wand of digging (18)
 C - a wand of iceblast (9)
 D - a wand of charming (22)
 K - a wand of mindburst (12)
 N - a wand of quicksilver (4)
 V - a wand of polymorph (15)
Scrolls
 e - 4 scrolls of fog
 f - 5 scrolls of blinking
 w - a scroll of enchant weapon
 z - 11 scrolls of teleportation
 B - 2 scrolls of magic mapping
 G - a scroll of fear
 H - 6 scrolls of amnesia
 S - a scroll of silence
Potions
 d - 12 potions of heal wounds
 i - 8 potions of brilliance
 j - 4 potions of lignification
 k - 14 potions of curing
 l - 2 potions of magic
 n - 3 potions of cancellation
 o - 4 potions of flight
 p - 2 potions of attraction
 q - 5 potions of haste
 r - 6 potions of might
 E - 2 potions of resistance
 L - 2 potions of invisibility
 O - a potion of ambrosia
 P - 4 potions of mutation
 X - a potion of berserk rage


   Skills:
 + Level 17.9 Fighting
 - Level 1.7 Throwing
 + Level 14.1 Dodging
 * Level 20.9 Unarmed Combat


You had 15 spell levels left.
You didn't know any spells.
Your spell library contained the following spells:

 Spells                   Type           Power      Damage    Failure   Level
 Freeze                   Ice            0%         1d3       34%         1
 Magic Dart               Conj           0%         1d3       34%         1
 Slow                     Hex            0%         N/A       34%         1
 Call Imp                 Summ           0%         N/A       47%         2
 Ensorcelled Hibernation  Hex/Ice        0%         N/A       47%         2
 Passwall                 Tmut/Erth      0%         N/A       47%         2
 Searing Ray              Conj           0%         2d4       47%         2
 Static Discharge         Conj/Air       0%         2-2/arc   47%         2
 Confusing Touch          Hex            0%         N/A       71%         3
 Frozen Ramparts          Ice            0%         1d1       71%         3
 Hailstorm                Conj/Ice       0%         3d3       71%         3
 Ignite Poison            Fire/Tmut/Pois 0%         N/A       71%         3
 Inner Flame              Hex/Fire       0%         N/A       71%         3
 Mephitic Cloud           Conj/Pois/Air  0%         N/A       71%         3
 Swiftness                Air            0%         N/A       71%         3
 Vampiric Draining        Necr           0%         2d6       71%         3
 Vhi's Electric Charge    Tloc/Air       0%         N/A       71%         3
 Airstrike                Air            0%         2d(0-16)  98%         4
 Anguish                  Hex/Necr       0%         N/A       98%         4
 Fulminant Prism          Conj/Hex       0%         3d5       98%         4
 Ice Form                 Ice/Tmut       0%         N/A       98%         4
 Olgreb's Toxic Radiance  Pois           0%         N/A       98%         4
 Sticky Flame             Conj/Fire      0%         2d3       98%         4
 Summon Ice Beast         Ice/Summ       0%         N/A       98%         4
 Summon Lightning Spire   Summ/Air       0%         N/A       98%         4
 Arcjolt                  Conj/Air       0%         1d10      100%        5
 Borgnjor's Vile Clutch   Necr/Erth      0%         N/A       100%        5
 Yara's Violent Unravell  Hex/Tmut       0%         3d3       100%        5
 Death Channel            Necr           0%         N/A       100%        6
 Enfeeble                 Hex            0%         N/A       100%        7
 Ozocubu's Refrigeration  Ice            0%         4d7       100%        7
 Ignition                 Fire           0%         3d3       100%        8
 Maxwell's Capacitive Co  Air            0%         ∞         100%        8
 Polar Vortex             Ice            0%         N/A       100%        9
 Animate Dead             Necr           Unusable   N/A       N/A         4
 Simulacrum               Ice/Necr       Unusable   N/A       N/A         6

Dungeon Overview and Level Annotations

Branches:
Dungeon (15/15)            Temple (0/1) D:4            Lair (5/5) D:8
 Shoals (2/4) Lair:2       Spider (0/4) Lair:2        Slime (0/5) Lair:4
    Orc (2/2) D:10            Elf (0/3) Orc:2        Vaults (0/5) D:13
 Depths (0/4) D:15         Bailey (visited)           IceCv (visited)

Altars:
Dithmenos
Gozag
Nemelex Xobeh
Sif Muna
Uskayaw
Wu Jian
Yredelemnul
The Shining One
Jiyva

Shops:
D:4 (   D:8 (   D:11 =[*=(   Orc:2 [=:[   Shoals:1 [

Annotations:
D:5 2 runed translucent doors


Innate Abilities, Weirdness & Mutations

You can breathe blasts of scalding, opaque steam.
Your pale cyan-grey scales are hard. (AC +9)
You cannot fit into any form of body armour.
You are cold-blooded and may be slowed by cold attacks.
You are immune to the effects of steam.


Message History

You are too injured to fight recklessly!
You are too injured to fight recklessly!
You are too injured to fight recklessly!
You are too injured to fight recklessly!
You are too injured to fight recklessly!
You are too injured to fight recklessly!
You are too injured to fight recklessly!
You are too injured to fight recklessly!
You are too injured to fight recklessly!
You are too injured to fight recklessly!
You are too injured to fight recklessly!
You are too injured to fight recklessly!
You are too injured to fight recklessly!
You are too injured to fight recklessly!
You are too injured to fight recklessly!
You are too injured to fight recklessly!
You are too injured to fight recklessly!
Unknown command.
* * * LOW HITPOINT WARNING * * *
You feel extremely sick. The sea snake misses you.
The merfolk siren barely misses you. The merfolk impaler barely misses you.
The snapping turtle bites you from afar!
* * * LOW HITPOINT WARNING * * *
The sea snake bites you but does no damage.
The merfolk impaler hits you from afar with a +0 trident!
* * * LOW HITPOINT WARNING * * *
As you read the scroll of fear, it crumbles to dust.
You assume a fearsome visage.
The merfolk siren looks frightened!
The merfolk impaler easily resists.
The sea snake looks frightened!
The snapping turtle looks frightened!
You have got your breath back.
* * * LOW HITPOINT WARNING * * *
You feel extremely sick.
The merfolk impaler completely misses you.
* * * LOW HITPOINT WARNING * * *
You feel extremely sick.
The merfolk impaler hits you from afar with a +0 trident!
You die...
Your body crumbles into a pile of gold.

## #. .~~≈≈≈≈ ..# #.
..~≈≈≈≈ ..<# #...
..~≈≈≈≈ . #...##..
..~~≈~~ .. ##.....#
...~~~~
...##......###...~≈≈≈
.....~:.......~~~≈≈≈≈
~~...~.....@.m~~~~~~~
~~~~~~.#...~.$~~≈≈~~~
~~~~~..<...~~~~~≈S≈~~
~>~~~~~.#.$~~≈≈≈≈m~~~
..~~~~~...~~~≈≈≈t~~~~
...~~~~~.~~~≈≈≈≈≈~~~~
....~~~~~~~≈≈≈≈≈≈~~~~
##..~~~~~≈≈≈≈≈≈≈≈~~~~
....~~≈≈≈≈≈≈≈≈≈≈≈≈~~


You could see a merfolk impaler, a sea snake (fleeing), a snapping turtle
(fleeing) and a merfolk siren (fleeing).

Vanquished Creatures
  An orc warlord (Orc:2)
  Nessos (D:12)
  Azrael (D:12)
  2 merfolk javelineers
  A fire dragon (Lair:1)
  2 merfolk impalers (Shoals:1)
  8 vault guards (D:13)
  2 rakshasas (D:15)
  Fannar (D:11)
  A great orb of eyes (D:15)
  An ice dragon (Orc:1)
  4 hydras
  An ogre mage (D:13)
  2 catoblepae
  5 centaur warriors
  An alligator snapping turtle (Shoals:1)
  3 boulder beetles
  7 two-headed ogres
  2 death knights
  A merfolk aquamancer (Shoals:1)
  8 death yaks
  3 orc high priests (Orc:2)
  3 skeletal warriors (D:15)
  2 sea snakes (Shoals:1)
  5 skysharks
  An orb spider (Lair:2)
  An obsidian statue (D:11)
  6 harpies (Shoals:1)
  6 orc knights
  A necromancer (IceCv)
  A deep elf zephyrmancer (D:7)
  A lindwurm (Lair:5)
  6 orc sorcerers
  8 manticores
  2 deep elf pyromancers
  5 cyclopes
  4 ugly things
  4 fauns (Shoals:1)
  8 elephants
  An ice statue (IceCv)
  2 merfolk sirens (Shoals:1)
  7 black mambas
  2 water nymphs
  A torpor snail (shapeshifter) (D:15)
  13 cane toads
  2 torpor snails (Lair:5)
  A yaktaur (shapeshifter) (D:15)
  2 unseen horror zombies (D:9)
  3 rime drakes
  5 freezing wraiths (IceCv)
  A komodo dragon (shapeshifter) (D:15)
  A tengu conjurer (D:12)
  An anaconda simulacrum (IceCv)
  6 komodo dragons
  14 ice devils (IceCv)
  3 merfolk (Shoals:1)
  4 polar bears
  A tarantella (shapeshifter) (D:13)
  5 trolls
  A meliai (shapeshifter) (D:15)
  2 wind drakes (Shoals:1)
  3 meliai
  7 blink frogs
  4 snapping turtles (Shoals:1)
  4 dream sheep (Lair:5)
  12 slime creatures
  5 wyverns
  Sigmund (D:4)
  A shadow (D:12)
  2 wraiths
  A dire elephant simulacrum (IceCv)
  79 yaks
  6 water elementals
  A vampire (D:13)
  4 basilisks
  A steam dragon (D:7)
  Eustachio (D:6)
  4 fire elementals (D:12)
  9 vampire mosquitoes
  4 death yak simulacra (IceCv)
  6 wargs
  A two-headed ogre zombie (D:10)
  A harpy simulacrum (IceCv)
  13 water moccasins
  6 acid dragons
  4 hell hounds (D:12)
  A hydra simulacrum (IceCv)
  27 orc warriors
  2 black bears (D:8)
  Duvessa (D:5)
  4 ice beasts
  16 centaurs
  7 ogres
  14 wolves
  3 phantoms
  A kobold brigand (D:14)
  A gnoll sergeant (D:8)
  3 necrophages (D:9)
  13 bullfrogs
  4 scorpions
  5 cane toad simulacra (IceCv)
  10 wights
  Dowan (D:5)
  A troll zombie (D:10)
  2 elephant simulacra (IceCv)
  10 howler monkeys
  2 electric eels
  A centaur zombie (D:9)
  5 hounds
  4 gnoll boudas
  8 jellies
  A human zombie (D:9)
  4 sleepcaps
  23 orc priests
  5 iguanas
  Crazy Yiuf (D:5)
  Ijyb (D:5)
  27 orc wizards
  6 hell rats (Lair:3)
  2 spriggan simulacra (IceCv)
  2 polar bear simulacra (IceCv)
  7 wolf simulacra (IceCv)
  6 ogre zombies (D:10)
  A mummy (D:9)
  A howler monkey zombie (D:9)
  29 gnolls
  15 adders
  A naga simulacrum (IceCv)
  3 white imps
  4 ufetubi
  6 worms
  3 dart slugs
  90 orcs
  8 ball pythons
  2 bats (D:2)
  8 endoplasms
  5 giant cockroaches
  10 hobgoblins
  3 jackals
  3 quokkas
  4 frilled lizards
  9 goblins
  4 goblin zombies (D:10)
  6 hobgoblin zombies (D:10)
  17 kobolds
  An orc skeleton (D:10)
  14 orc zombies (D:10)
  3 rats
861 creatures vanquished.

Vanquished Creatures (others)
  An orc priest (Orc:1)
1 creature vanquished.

Grand Total: 862 creatures vanquished

Notes
Turn   | Place    | Note
-------+----------+-------------------------------------------
     0 | D:1      | Gabide the Draconian Gladiator began the quest for the Orb.
     0 | D:1      | Reached XP level 1. HP: 17/17 MP: 1/1
   226 | D:1      | Reached XP level 2. HP: 25/25 MP: 2/2
  1142 | D:2      | Reached XP level 3. HP: 18/30 MP: 3/3
  1490 | D:2      | Reached skill level 4 in Unarmed Combat
  1804 | D:2      | Reached XP level 4. HP: 30/38 MP: 4/4
  2745 | D:3      | Reached XP level 5. HP: 36/45 MP: 5/5
  2892 | D:3      | Found an opulent altar of Gozag.
  3200 | D:3      | Became a worshipper of Gozag Ym Sagoz the Greedy
  3348 | D:4      | Found a staircase to the Ecumenical Temple.
  3483 | D:4      | Noticed Sigmund
  3496 | D:4      | Killed Sigmund
  3497 | D:4      | Reached skill level 5 in Unarmed Combat
  3497 | D:4      | Reached XP level 6. HP: 49/52 MP: 6/6
  3846 | D:4      | Found Dawaylud's Weapon Shop.
  3868 | D:4      | Identified the +1 morningstar "Wavomoz" {distort, rPois
                  | Will+ Str-5 Int+5}
  4018 | D:4      | Reached skill level 6 in Unarmed Combat
  4031 | D:4      | Your scales start taking on a pale cyan-grey colour.
  4031 | D:4      | Reached XP level 7. HP: 38/60 MP: 7/7
  4031 | D:4      | Gained mutation: You are immune to the effects of steam.
                  | [Pale Draconian growth]
  4325 | D:5      | Entered Level 5 of the Dungeon
  4434 | D:5      | Reached skill level 5 in Fighting
  4483 | D:5      | Found a large runed translucent door.
  4483 | D:5      | Found a large runed translucent door.
  4485 | D:5      | Noticed a troll
  4501 | D:5      | Found a large runed translucent door.
  4501 | D:5      | Found a large runed translucent door.
  4553 | D:5      | Noticed a yak
  4578 | D:4      | Killed a yak
  4579 | D:4      | Reached skill level 7 in Unarmed Combat
  4589 | D:4      | Reached skill level 5 in Dodging
  4589 | D:4      | Reached XP level 8. HP: 38/69 MP: 8/8
  4795 | D:5      | Noticed Ijyb
  4800 | D:5      | Killed Ijyb
  4958 | D:5      | Noticed Duvessa
  4958 | D:5      | Noticed Dowan
  4974 | D:5      | Killed Duvessa
  4984 | D:5      | Killed Dowan
  5147 | D:5      | Reached skill level 8 in Unarmed Combat
  5262 | D:5      | Found a runed translucent door.
  5263 | D:5      | Noticed Crazy Yiuf
  5832 | D:5      | Killed a troll
  5833 | D:5      | Reached XP level 9. HP: 54/78 MP: 9/9
  5838 | D:5      | Reached skill level 9 in Unarmed Combat
  5847 | D:5      | Got Zawyemy's Monograph on Refrigeration
  6028 | D:5      | Killed Crazy Yiuf
  6359 | D:6      | Noticed Eustachio
  6369 | D:6      | Killed Eustachio
  6646 | D:6      | Reached skill level 10 in Unarmed Combat
  6893 | D:7      | Found a glowing golden altar of the Shining One.
  6961 | D:7      | Noticed a deep elf zephyrmancer
  6972 | D:7      | Killed a deep elf zephyrmancer
  7411 | D:7      | Reached XP level 10. HP: 87/88 MP: 10/10
  8177 | D:8      | Reached skill level 11 in Unarmed Combat
  8364 | D:8      | Found a staircase to the Lair.
  8548 | D:8      | Found Cuiduit's Weapon Emporium.
  8976 | Lair:1   | Entered Level 1 of the Lair of Beasts
  9114 | D:8      | Reached skill level 12 in Unarmed Combat
  9351 | Lair:1   | Noticed a cane toad
  9364 | Lair:1   | Killed a cane toad
  9408 | Lair:1   | Reached XP level 11. HP: 95/99 MP: 11/11
  9679 | Lair:1   | Reached skill level 10 in Fighting
 10215 | Lair:1   | Reached skill level 13 in Unarmed Combat
 10308 | Lair:1   | Noticed a fire dragon
 10346 | Lair:1   | Killed a fire dragon
 10734 | Lair:1   | Identified the +0 robe of Masochism {Fly rElec rC+}
 10822 | Lair:2   | Found a hole to the Spider Nest.
 10822 | Lair:2   | Noticed an orb spider
 10829 | Lair:2   | Killed an orb spider
 10839 | Lair:2   | Found a staircase to the Shoals.
 10937 | Lair:2   | Identified the +0 dagger of Ryschise {distort, *Rage rC++
                  | Int+2}
 11793 | Lair:2   | Reached skill level 14 in Unarmed Combat
 12304 | Lair:3   | Noticed a skyshark
 12315 | Lair:3   | Killed a skyshark
 12316 | Lair:3   | Reached XP level 12. HP: 102/110 MP: 12/12
 12816 | Lair:3   | Reached skill level 10 in Dodging
 13709 | Lair:4   | Found a viscous altar of Jiyva.
 13710 | Lair:4   | Found a staircase to the Slime Pits.
 13717 | Lair:4   | Reached skill level 15 in Unarmed Combat
 14547 | Lair:5   | Entered Level 5 of the Lair of Beasts
 14547 | Lair:5   | Noticed a death yak
 14547 | Lair:5   | Noticed a death yak
 14547 | Lair:5   | Noticed a death yak
 14547 | Lair:5   | Noticed a death yak
 14547 | Lair:5   | Noticed a death yak
 14556 | Lair:4   | Killed a death yak
 14785 | Lair:5   | Noticed a boulder beetle
 14790 | Lair:5   | Found an ornate altar of the Wu Jian Council.
 14790 | Lair:5   | Found a hide-covered altar of Uskayaw.
 14803 | Lair:5   | Killed a boulder beetle
 15167 | Lair:5   | Reached XP level 13. HP: 100/119 MP: 13/13
 15370 | Lair:5   | Reached skill level 16 in Unarmed Combat
 17159 | D:9      | Reached skill level 17 in Unarmed Combat
 17371 | D:9      | Found a shadowy altar of Dithmenos.
 17485 | D:9      | Found a sparkling altar of Nemelex Xobeh.
 17771 | D:9      | Found a basalt altar of Yredelemnul.
 17811 | D:9      | Identified the ring of Benevolence {rN+ Will+}
 17955 | D:10     | Entered Level 10 of the Dungeon
 17963 | D:10     | Found a staircase to the Orcish Mines.
 18622 | D:10     | Found a flagged portal.
 18644 | Bailey   | Entered a bailey
 19245 | D:11     | Noticed Fannar
 19259 | D:11     | Killed Fannar
 19270 | D:11     | Reached XP level 14. HP: 83/130 MP: 14/14
 19501 | D:11     | Found Suaneph's Assorted Antiques.
 19514 | D:11     | Bought a scroll of enchant armour for 142 gold pieces
 19560 | D:11     | Found Lasu's Antique Armour Shop.
 19565 | D:11     | Found Enutireun's Jewellery Shop.
 19568 | D:11     | Bought a pair of boots for 135 gold pieces
 19568 | D:11     | Bought a smoking cloak for 285 gold pieces
 19568 | D:11     | Identified the +0 cloak of Immorality {rF- rN++ Dex+2 SInv}
                  | (You bought it in a shop on level 11 of the Dungeon)
 19576 | D:11     | Found Egoume's Antique Weapon Shoppe.
 19584 | D:11     | Bought an amulet of regeneration for 360 gold pieces
 19627 | D:11     | Got the Guidebook on Septic Transition
 19775 | D:11     | Found Siujeali's Jewellery Boutique.
 19786 | D:11     | Bought the ring of the Tortoise {AC+8} for 2176 gold pieces
 19786 | D:11     | Found the ring of the Tortoise {AC+8}
 20710 | D:12     | Noticed Azrael
 20740 | D:12     | Killed Azrael
 21113 | D:12     | Noticed Nessos
 21127 | D:12     | Killed Nessos
 21128 | D:12     | Reached skill level 18 in Unarmed Combat
 21483 | D:13     | Found a gate to the Vaults.
 22086 | D:13     | Found a shimmering blue altar of Sif Muna.
 23043 | D:14     | Reached skill level 19 in Unarmed Combat
 23190 | D:14     | Identified a scroll of acquirement
 23190 | D:14     | Acquired a manual of Fighting
 23193 | D:15     | Entered Level 15 of the Dungeon
 23229 | D:15     | Reached skill level 15 in Fighting
 23280 | D:15     | Reached XP level 15. HP: 135/141 MP: 15/15
 23967 | D:15     | Found a staircase to the Depths.
 24580 | Orc:1    | Entered Level 1 of the Orcish Mines
 24591 | Orc:1    | Paralysed by an orc sorcerer for 3 turns
 24900 | Orc:2    | Entered Level 2 of the Orcish Mines
 24973 | Orc:2    | Found a staircase to the Elven Halls.
 25176 | Orc:1    | Found a frozen archway.
 25228 | IceCv    | Entered an ice cave
 25459 | IceCv    | Identified the +1 pair of boots of Qozeting {Str+5 Int+3
                  | Dex+3}
 25489 | IceCv    | Found an ancient bone altar of Kikubaaqudgha.
 25548 | IceCv    | Reached skill level 20 in Unarmed Combat
 25750 | IceCv    | Identified the +2 chain mail "Faith" {rPois Dex+4}
 26210 | Orc:2    | Paralysed by an orc sorcerer for 5 turns
 27111 | Orc:2    | Found Poicko's Book Boutique.
 27111 | Orc:2    | Found Dulinliy's Antique Armour Emporium.
 27125 | Orc:2    | Found Ele Joco's Antique Armour Boutique.
 27125 | Orc:2    | Found Xootaus's Jewellery Emporium.
 27133 | Orc:2    | Bought an embroidered hat for 175 gold pieces
 27502 | Shoals:1 | Entered Level 1 of the Shoals
 27591 | Shoals:1 | Reached XP level 16. HP: 155/155 MP: 16/16
 27634 | Shoals:1 | Found Pinif's Antique Armour Emporium.
 28618 | Shoals:2 | Slain by a merfolk impaler

Illustrated notes

Levels and vault maps discovered:
D:1:      sevenhm_arrival_forest_fort_large_2, layout_loops_ring,
          patterned_corridor
D:2:      minmay_diamond_boxcup, layout_basic, minmay_tripent
D:3:      layout_loops_cross, mainiacjoe_overflow_surrounded_room
D:4:      layout_gridville, minmay_temple_entry_mist, serial_shops,
          nicolae_shop_bloodbath_and_beyond, minmay_fractal_squares_diagonal_5,
          uniq_sigmund
D:5:      layout_gridville, nicolae_ossuary_entry_monument, serial_glass,
          glass_columns_a, glass_columns_c, minmay_hollow_rounded_squares,
          uniq_ijyb, uniq_crazy_yiuf_cottage, uniq_duvessa
D:6:      layout_basic, grunt_ministairs_6, minivault_26, lightli_minifort,
          uniq_eustachio
D:7:      layout_loops_corners, nicolae_tso_carved_into_rock, minivault_26,
          chequers_serial_rivers_large_a, guppyfry_early_elven_hall
D:8:      layout_loops_ring, due_lair_maze_entry_diamond, serial_shops, shop
D:9:      layout_cross, lemuel_mausoleum_altar_yredelemnul,
          grunt_dithmenos_smoke_and_mirrors,
          mainiacjoe_overflow_concentric_impassable
D:10:     layout_basic, zombieorc2_lemuel, enter_bailey_3
D:11:     layout_long_grid, serial_shops, shop, shop, nicolae_lakefront_shop,
          nicolae_shop_tiny_statue_garden, shop, glass_columns_b, minivault_16,
          uniq_fannar
D:12:     layout_roguey, uniq_azrael, uniq_nessos
D:13:     layout_loops_ring, erik_vaults_2, drop_trap, tgw_sif
D:14:     layout_gridville, nicolae_integral_box, kennysheep_decorative_pillar,
          minmay_unpleasant_kobolds
D:15:     gammafunk_enter_depths_forms, layout_long_grid, kennysheep_doodads
Lair:1:   dragon1_lemuel, layout_regular_city
Lair:2:   layout_regular_city, elwin_shoals_entry_rocks,
          nicolae_spider_entry_orb_guardian, beast_lair_carwin_1,
          grunt_megastairs_3
Lair:3:   layout_concentric_octagons, infiniplex_staircase_pool_2,
          serial_bayou_shore_b, grunt_megastairs_4, lemuel_fruit_fields
Lair:4:   layout_loops_ring, nicolae_slime_entry_slimehenge
Lair:5:   hangedman_lair_in_review, layout_layer_cave,
          nzn_masters_of_martial_movement
Shoals:1: layout_shoals, serial_shops, nicolae_lakefront_shop
Shoals:2: layout_shoals, serial_shops, shop_statue, uniq_ilsuiw
Orc:1:    layout_caves, portal_ice_cave_entry_animals_and_master,
          minmay_orc_temple_b
Orc:2:    grunt_orc_tribal_feast, layout_caves

Skill      XL: |  1  2  3  4  5  6  7  8  9 10 11 12 13 14 15 16 |
---------------+-------------------------------------------------+-----
Dodging        | 3 4 5 6 7 8 9 10 11 12 13 14 | 14.1
Fighting       | 3 4 5 6 8 9 11 12 13 15 17 | 17.9
Unarmed Combat | 4 5 6 7 8 10 12 14 15 17 19 20 | 20.9
Throwing       | |  1.7

Action                     |  1- 3 |  4- 6 |  7- 9 | 10-12 | 13-15 | 16-18 || total
---------------------------+-------+-------+-------+-------+-------+-------++-------
  Melee: Unarmed           |   149 |   197 |   262 |   575 |  1532 |   163 ||  2878
         Tailslap          |    20 |    24 |    40 |   101 |   302 |    25 ||   512
         Punch             |     2 |     6 |    16 |    63 |   215 |    22 ||   324
   Fire: Sling             |       |    21 |       |       |       |       ||    21
  Throw: Throwing net      |     1 |     1 |     3 |     1 |       |     1 ||     7
         Dart              |       |     1 |     1 |     1 |       |       ||     3
         Javelin           |       |       |       |     1 |       |       ||     1
Ability: Breathe Steam     |       |       |    30 |    53 |   103 |    12 ||   198
  Evoke: Wand              |       |       |       |     3 |     5 |       ||     8
    Use: Scroll            |     5 |     8 |     3 |     6 |    13 |     2 ||    37
         Potion            |       |       |       |     3 |     2 |       ||     5
   Stab: Sleeping          |     2 |       |       |       |    13 |       ||    15
         Distracted        |       |       |       |     1 |     6 |       ||     7
         Held in net/web   |       |       |       |       |       |     2 ||     2
 Armour: Skin              |    29 |    60 |    58 |   131 |   453 |    57 ||   788
  Dodge: Dodged            |    68 |   104 |   187 |   511 |  1335 |   168 ||  2373
